 Dungeon Crawl Stone Soup version 0.27.1-1-g398f81649c (webtiles) character file.

Game seed: 9687420795719349033

14 Descartes the Sneak (level 2, -1/12 HPs)
             Began as a Felid Wanderer on Sept 16, 2021.
             Slain by a hobgoblin (5 damage)
             ... on level 1 of the Dungeon.
             The game lasted 00:01:03 (430 turns).

Descartes the Sneak (Felid Wanderer)                 Turns: 430, Time: 00:01:04

Health: -1/12      AC:  1    Str:  9    XL:     2   Next: 27%
Magic:  4/4        EV: 16    Int: 13    God:
Gold:   49         SH:  0    Dex: 14    Spells: 3/3 levels left
                                        Lives:  0   Deaths: 0

rFire    . . .     SeeInvis +     - Unarmed
rCold    . . .     Faith    .   (shield unavailable)
rNeg     . . .     Spirit   .   (armour unavailable)
rPois    .         Reflect  .   (helmet unavailable)
rElec    .         Harm     .   (cloak unavailable)
rCorr    .         Rampage  .   (gloves unavailable)
Will     .....                  (boots unavailable)
Stlth    +++.......             (no amulet)
HPRegen  0.04/turn              (no ring)
MPRegen  0.09/turn              (no ring)

@: quick
A: very small, claws 1, fangs 3, see invisible, speed 1, shaggy fur 1, stealthy
paws, no weapons or thrown items, no armour, multi-lived
a: no special abilities


You were on level 1 of the Dungeon.
You visited 1 branch of the dungeon, and saw 1 of its levels.

You collected 49 gold pieces.

Inventory:

Missiles
 e - 2 stones
Scrolls
 b - a scroll of blinking
 c - a scroll of teleportation
Potions
 a - a potion of berserk rage
 d - a potion of curing


   Skills:
 - Level 1.0 Fighting
 + Level 1.1 Dodging
 * Level 4.6 Stealth
 + Level 3.2 Unarmed Combat
 - Level 1.0 Spellcasting
 - Level 1.7 Poison Magic


You had 3 spell levels left.
You didn't know any spells.
Your spell library was empty.

Dungeon Overview and Level Annotations

Branches:
Dungeon (1/15)

Altars:


Innate Abilities, Weirdness & Mutations

You have sharp claws.
You have razor-sharp teeth.
You have supernaturally acute eyesight. (SInv)
You cover ground quickly. (Speed+)
You are covered in fur. (AC +1)
Your paws help you pounce on unaware monsters.
You are incapable of wielding weapons or throwing items.
You cannot wear armour.
You gain extra lives every three experience levels.


Message History

The bat hits you. The bat misses you. The bat closely misses you.
A ball python and a hobgoblin come into view.
The ball python hisses angrily.
The hobgoblin shouts!
You scratch the bat. Your claw misses the bat.
The bat is moderately wounded.
You hear a bark!
The bat hits you. The bat barely misses you.
Things that are here:
10 gold pieces; a ball python corpse The bat hits you but does no damage.
The bat hits you.
* * * LOW HITPOINT WARNING * * *
The bat barely misses you.
You closely miss the bat.
The bat is moderately wounded.
The bat closely misses you. The bat misses you.
You scratch the bat. You bite the bat, but do no damage.
The bat is moderately wounded.
The bat barely misses you.
You scratch the bat but do no damage. Your bite misses the bat.
The bat hits you but does no damage.
You claw the ball python!
You kill the ball python!
A hobgoblin is nearby!
A hobgoblin is nearby!
A hobgoblin is nearby!
You scratch the hobgoblin.
The hobgoblin is severely wounded.
The hobgoblin misses you.
You scratch the hobgoblin but do no damage.
The hobgoblin is severely wounded.
The hobgoblin barely misses you.
You completely miss the hobgoblin.
The hobgoblin is severely wounded.
The hobgoblin hits you.
You die...

############
####..........#
...#..........######
##..............@g.###
..............####...#
........####### #.###
######....# #.# #
####.# ###.# #
######### #...# .
........####.### .
#######....#.# ..
####...######


You could see a hobgoblin.

Vanquished Creatures
  An endoplasm (D:1)
  A giant cockroach (D:1)
  A goblin (D:1)
  A hobgoblin (D:1)
  3 jackals (D:1)
  3 ball pythons (D:1)
  A bat (D:1)
  A kobold (D:1)
  A rat (D:1)
13 creatures vanquished.

Notes
Turn   | Place    | Note
-------+----------+-------------------------------------------
     0 | D:1      | Descartes the Felid Wanderer began the quest for the Orb.
     0 | D:1      | Descartes set off with the following items: a potion of
                  | berserk rage, a scroll of blinking, a scroll of
                  | teleportation, a potion of curing
     0 | D:1      | Reached XP level 1. HP: 9/9 MP: 3/3
    50 | D:1      | Reached skill level 1 in Dodging
    50 | D:1      | Reached XP level 2. HP: 8/12 MP: 4/4
   430 | D:1      | Slain by a hobgoblin

Illustrated notes

Levels and vault maps discovered:
D:1:      ebering_hopf_link, layout_rooms

Skill      XL: |  1 |
---------------+----+-----
Dodging        | 1 |  1.1
Fighting       | |  1.0
Stealth        | |  4.6
Unarmed Combat | |  3.2
Spellcasting   | |  1.0
Poison Magic   | |  1.7

Action                   || total
-------------------------++-------
Melee: Unarmed           ||    39
       Bite              ||     2
 Stab: Sleeping          ||     1
Armor: Skin              ||     5
Dodge: Dodged            ||    35
